 Dungeon Crawl Stone Soup version 0.20-a0-901-g27f6fa8 (webtiles) character file.

98 Rrauwl the Slasher (level 4, -2/37 HPs)
             Began as a Barachi Warper on Mar 19, 2017.
             Was an Initiate of Ashenzari.
             Killed from afar by a dart slug (3 damage)
             ... with a slug dart
             ... on level 3 of the Dungeon.
             The game lasted 00:11:18 (2034 turns).

Rrauwl the Slasher (Barachi Warper)                 Turns: 2034, Time: 00:11:18

Health: -2/37      AC:  7    Str: 13    XL:     4   Next: 71%
Magic:  7/7        EV: 11    Int: 15    God:    Ashenzari [......]
Gold:   110        SH:  0    Dex: 12    Spells: 5/7 levels left

rFire    + . .     SeeInvis .   a - +0 falchion
rCold    . . .     Gourm    .   i - +0 ring mail (curse)
rNeg     . . .     Faith    .   (no shield)
rPois    .         Spirit   .   (no helmet)
rElec    .         Reflect  .   (no cloak)
rCorr    .         Harm     .   (no gloves)
MR       .....                  (no boots)
Stlth    +.........             (no amulet)
Regen    0.2/turn               (no ring)
MPRegen  0.1/turn               (no ring)

@: lethally poisoned (-2 -> -3), slow
A: +LOS, swims, molten scales 1, clever 1, fire resistance 1, slowness 1, wild
magic 1, strong legs 1
a: Hop, Curse Item, Renounce Religion


You were on level 3 of the Dungeon.
You worshipped Ashenzari.
Ashenzari was noncommittal.
You were hungry.

You visited 1 branch of the dungeon, and saw 3 of its levels.

You collected 110 gold pieces.

Inventory:

Hand Weapons
 a - a +0 falchion (weapon)
Armour
 b - a +0 leather armour
 i - a cursed +0 ring mail (worn)
Scrolls
 d - 2 scrolls of blinking
 h - 2 scrolls of remove curse
Books
 c - a book of Spatial Translocations

   Spells                             Type                      Level
   a - Blink                          Translocation                2
   b - Shroud of Golubria             Charms/Translocation         2
   c - Lesser Beckoning               Translocation                3
   d - Gell's Gravitas                Translocation                3
   e - Teleport Other                 Translocation                3
   f - Passage of Golubria            Translocation                4
Comestibles
 f - 5 bread rations
 g - a meat ration
 j - 4 chunks of flesh


   Skills:
 + Level 3.7 Fighting
 + Level 3.9 Long Blades
 - Level 1.0 Throwing
 - Level 2.0 Armour
 - Level 3.0 Dodging
 - Level 2.1 Spellcasting
 - Level 3.2 Translocations


You had 5 spell levels left.
You knew the following spells:

 Your Spells              Type           Power        Failure   Level  Hunger
a - Blink                 Tloc           N/A          28%         2    ###....


Dungeon Overview and Level Annotations

Branches:
Dungeon (3/15)

Altars:
Ashenzari


Innate Abilities, Weirdness & Mutations

Shadows flee at your approach. (+LOS)
You can swim through water.
You cover ground slowly.
You can hop short distances.
You are partially covered in molten scales. (AC +2)
Your mind is acute. (Int +2)
Your flesh is heat resistant. (rF+)
Your spells are a little harder to cast, but a little more powerful.


Message History

You hit the hobgoblin.
The hobgoblin is moderately wounded.
The hobgoblin hits you but does no damage.
You hit the hobgoblin.
You kill the hobgoblin!
* * * LOW HITPOINT WARNING * * *
You feel sick.
You hit the goblin.
The goblin is moderately wounded.
The goblin barely misses you.
You hit the goblin.
You kill the goblin!
You hit the dart slug but do no damage.
You are ready to hop once more.
* * * LOW HITPOINT WARNING * * *
You feel sick.
You completely miss the dart slug. The dart slug launches a dart at you.
The slug dart hits you!
You die...

#.......# ######..#
#.......# ....#...#
#.#.#...# ...<#...#
#.#.#...#
..#.##.##############.##.
###...w.).).)).w@........
.......##############.#..
###.#### ............
............ ###gg####...
...g # .w.g. .g#g.


You could see a dart slug.

Vanquished Creatures
  Robin (D:3)
  2 adders (D:3)
  2 worms (D:2)
  3 dart slugs
  A leopard gecko (D:2)
  3 bats
  A giant cockroach (D:2)
  10 goblins
  8 hobgoblins
  4 jackals (D:2)
  4 quokkas (D:2)
  3 frilled lizards
  2 kobolds
  10 rats
54 creatures vanquished.

Notes
Turn   | Place    | Note
-------+----------+-------------------------------------------
     0 | D:1      | Rrauwl the Barachi Warper began the quest for the Orb.
     0 | D:1      | Reached XP level 1. HP: 17/17 MP: 3/3
    66 | D:1      | Found a shattered altar of Ashenzari.
   141 | D:1      | Became a worshipper of Ashenzari the Shackled
   196 | D:1      | Gained mutation: Your flesh is heat resistant. (rF+) [potion of mutation]
   196 | D:1      | Gained mutation: Your mind is acute. (Int +2) [potion of mutation]
   196 | D:1      | Gained mutation: You are partially covered in molten scales. (AC +2) [potion of mutation]
   196 | D:1      | Gained mutation: Your spells are a little harder to cast, but a little more powerful. [potion of mutation]
   306 | D:1      | Reached XP level 2. HP: 23/23 MP: 5/5
   905 | D:2      | Learned a level 2 spell: Blink
   976 | D:2      | Reached XP level 3. HP: 14/28 MP: 6/6
  1977 | D:3      | Noticed Robin
  1998 | D:3      | Reached XP level 4. HP: 28/35 MP: 4/7
  2015 | D:3      | Killed Robin
  2033 | D:3      | HP: 1/37 [poisoned by an adder]
  2034 | D:3      | Killed from afar by a dart slug

Vault maps used:
D:1:      dpeg_arrival_three_same_balls, nicolae_ashenzari_panopticon
D:3:      uniq_sigmund, uniq_iyjb, uniq_robin, uniq_terence

Skill      XL: |  1  2  3 |
---------------+----------+-----
Armour         | 2 |  2.0
Long Blades    | 3 |  3.9
Dodging        | 3 |  3.0
Fighting       | 3 |  3.7
Throwing       | |  1.0
Spellcasting   | |  2.1
Translocations | |  3.2

Action                   |  1- 3 |  4- 6 || total
-------------------------+-------+-------++-------
Melee: Falchion          |   166 |    28 ||   194
Throw: Tomahawk          |       |     5 ||     5
 Cast: Blink             |     1 |       ||     1
 Abil: Hop               |       |     2 ||     2
  Use: Potion            |     4 |       ||     4
       Scroll            |     1 |       ||     1
  Eat: Chunk             |     4 |       ||     4
Armor: Leather armour    |     7 |       ||     7
       Ring mail         |    57 |    12 ||    69
Dodge: Dodged            |    96 |    19 ||   115
       Rpst.: Falchion   |    26 |     7 ||    33
